cohdb
Replays
Latest Replays
All Replays
Popular Replays
Top Player Replays
Match Explorer
How It Works
Community
CoH3 Stats
Reddit
Sign in to upload your games and track your stats! →
Sign in with Steam
Stopping incoming 8 rad Spam
Match 28157229
Overview
Messages
Build Orders
End
Pioneer Squad
Construct Infanterie Kompanie
Grenadier Squad
Grenadier Squad
MG 42 Machine Gun Team
Grenadier Squad
Infanterie Officer Quarters
Selects Mechanized Battlegroup
Selects Mechanized Battlegroup
Selects Raid Package
Construct Panzergrenadier Kompanie
Selects 8 Rad Armored Car
8 Rad Armored Car
Pak 40 Anti-tank Gun Team
8 Rad Armored Car
Pak 40 Anti-tank Gun Team
8 Rad Armored Car
Selects UNKNOWN (2160084)
8 Rad Armored Car
Selects Mobile Repair Stations
Selects Stoßtruppen Assault Package
Selects Mechanized Assault
Jesulin
Stana
0
0
Comments
sign in to comment!
No comments posted yet!